 Dungeon Sprint DCSS version 0.27-a0-463-gec7707c53d (webtiles) character file.

Game seed: 2905281581161109769

115 rocky1 the Digger (level 4, 0/40 HPs)
             Began as a Draconian Earth Elementalist on Mar 1, 2021.
             Was a Follower of Sif Muna.
             Slain by an ice beast (7 damage)
             ... in the Dungeon (Sprint VII: "The Pits").
             The game lasted 00:02:19 (242 turns).

rocky1 the Digger (Draconian Earth Elementalist)     Turns: 242, Time: 00:02:20

Health: 0/40       AC:  5    Str: 10    XL:     4   Next: 68%
Magic:  0/9        EV: 13    Int: 16    God:    Sif Muna [*.....]
Gold:   0          SH:  0    Dex: 12    Spells: 6/10 levels left

rFire    . . .     SeeInvis .   k - +2 quarterstaff
rCold    . . .     Faith    .   (shield currently unavailable)
rNeg     . . .     Spirit   .   (armour unavailable)
rPois    .         Reflect  .   (helmet restricted)
rElec    .         Harm     .   (no cloak)
rCorr    .         Rampage  .   (no gloves)
Will     .....     NoTele   +   (no boots)
Stlth    ++........             (no amulet)
HPRegen  0.13/turn              (no ring)
MPRegen  0.11/turn              (no ring)

@: no status effects
A: unfitting armour, cold-blooded, AC +5
a: Renounce Religion, Channel Magic


You were in the Dungeon.
You worshipped Sif Muna.
Sif Muna was aware of your devotion.
You visited 1 branch

Inventory:

Hand Weapons
 k - a +2 quarterstaff (weapon)
Missiles
 b - 30 stones
Scrolls
 h - a scroll of blinking
 i - 5 scrolls of amnesia
 j - a scroll of summoning
Potions
 a - 2 potions of invisibility
 c - a potion of curing
 d - a potion of heal wounds
 e - a potion of haste
 f - 4 potions of magic
 g - 3 potions of berserk rage


   Skills:
 - Level 3.7 Fighting
 - Level 3.6 Dodging
 - Level 1.7 Stealth
 - Level 3.8 Spellcasting
 - Level 1.0 Transmutations
 + Level 6.5 Earth Magic
 - Level 3.7 Invocations


You had 6 spell levels left.
You knew the following spells:

 Your Spells              Type           Power        Failure   Level
a - Sandblast             Erth           48%          1%          1
b - Stone Arrow           Conj/Erth      26%          14%         3

Your spell library contained the following spells:

 Spells                   Type           Power        Failure   Level
 Passwall                 Tmut/Erth      12%          5%          2
 Lee's Rapid Deconstruct  Erth           12%          32%         5
 Petrify                  Tmut/Erth      15%          36%         4


Dungeon Overview and Level Annotations

Branches:
Dungeon (1/1)

Altars:
Ashenzari
Cheibriados
Dithmenos
Elyvilon
Fedhas
Gozag
Hepliaklqana
Kikubaaqudgha
Makhleb
Nemelex Xobeh
Okawaru
Qazlal
Ru
Sif Muna
Trog
Uskayaw
Vehumet
Wu Jian
Xom
Yredelemnul
Zin
The Shining One
Beogh
Jiyva
Lugonu


Innate Abilities, Weirdness & Mutations

Your plain brown scales are hard. (AC +5)
You cannot fit into any form of body armour.
You are cold-blooded and may be slowed by cold attacks.


Message History

Confirm with . or Enter, or press ? or * to list all spells.
Aiming: Sandblast (safe; 1% risk of failure)
Press: ? - help, Shift-Dir - straight line, f/p - ice beast
Aim: an ice beast (lightly wounded, 19% to evade)
The blast of sand hits the ice beast!!
The ice beast is almost dead.
The ice beast hits you. The ice beast freezes you!
* * * LOW HITPOINT WARNING * * *
The ice beast hits you but does no damage.
A frilled lizard comes into view.
Casting: Sandblast (safe; 1% risk of failure)
Confirm with . or Enter, or press ? or * to list all spells.
Aiming: Sandblast (safe; 1% risk of failure)
Press: ? - help, Shift-Dir - straight line, f/p - ice beast
Aim: an ice beast (almost dead, 19% to evade)
The blast of sand hits the ice beast but does no damage.
The ice beast is almost dead.
The frilled lizard hisses angrily.
You feel yourself speed up. The ice beast barely misses you.
Casting: Sandblast (safe; 1% risk of failure)
Confirm with . or Enter, or press ? or * to list all spells.
Aiming: Sandblast (safe; 1% risk of failure)
Press: ? - help, Shift-Dir - straight line, f/p - ice beast
Aim: an ice beast (almost dead, 19% to evade)
The blast of sand misses the ice beast.
The blast of sand hits the adder!
The adder is severely wounded.
The ice beast closely misses you.
Unknown command.
Casting: Sandblast (safe; 1% risk of failure)
Confirm with . or Enter, or press ? or * to list all spells.
Aiming: Sandblast (safe; 1% risk of failure)
Press: ? - help, Shift-Dir - straight line, f/p - ice beast
Aim: an ice beast (almost dead, 19% to evade)
The blast of sand hits the ice beast but does no damage.
The ice beast is almost dead.
The ice beast hits you.
* * * LOW HITPOINT WARNING * * *
The ice beast freezes you!
You die...

_________.#
_______...##########
##########'##........
#.?..')))'.##......#.
##########.##........
#.........†.'........
#+#####'#####......#.
#..#..#..##........
#.@'..'..#####'####
##Y####+###.......#


.Sl #.......# #..Z. #.......# #####+ #...<...# #.......# #.......# #.......#
######### You could see an ice beast, an adder, a frilled lizard and a quokka
skeleton.

Vanquished Creatures
  A floating eye (D)
  An adder (D)
  An ooze (D)
  A hobgoblin (D)
  A leopard gecko zombie (D)
  A rat (D)
6 creatures vanquished.

Notes
Turn   | Place    | Note
-------+----------+-------------------------------------------
     0 | D        | rocky1 the Draconian Earth Elementalist began the quest for
                  | the Orb.
     0 | D        | Reached XP level 1. HP: 14/14 MP: 3/3
    48 | D        | Found a bloodstained altar of Trog.
    48 | D        | Found a shimmering blue altar of Sif Muna.
    48 | D        | Found a viscous altar of Jiyva.
    48 | D        | Found a hazy altar of Hepliaklqana.
    48 | D        | Found an opulent altar of Gozag.
    49 | D        | Found a glowing golden altar of the Shining One.
    49 | D        | Found a glowing silver altar of Zin.
    49 | D        | Found a basalt altar of Yredelemnul.
    49 | D        | Found a shimmering altar of Xom.
    49 | D        | Found an ornate altar of the Wu Jian Council.
    49 | D        | Found a sacrificial altar of Ru.
    49 | D        | Found a stormy altar of Qazlal.
    49 | D        | Found an iron altar of Okawaru.
    49 | D        | Found a sparkling altar of Nemelex Xobeh.
    49 | D        | Found a burning altar of Makhleb.
    49 | D        | Found a blossoming altar of Fedhas.
    49 | D        | Found a white marble altar of Elyvilon.
    49 | D        | Found a shadowy altar of Dithmenos.
    49 | D        | Found a snail-covered altar of Cheibriados.
    52 | D        | Found a corrupted altar of Lugonu.
    52 | D        | Found a radiant altar of Vehumet.
    52 | D        | Found a roughly hewn altar of Beogh.
    53 | D        | Found an ancient bone altar of Kikubaaqudgha.
    53 | D        | Found a hide-covered altar of Uskayaw.
    53 | D        | Found a broken altar of Ashenzari.
    54 | D        | Became a worshipper of Sif Muna the Loreminder
   173 | D        | Reached skill level 4 in Earth Magic
   174 | D        | Reached * piety under Sif Muna
   175 | D        | Reached skill level 5 in Earth Magic
   175 | D        | Reached XP level 2. HP: 20/20 MP: 1/5
   219 | D        | Noticed a floating eye
   223 | D        | Paralysed by a floating eye for 2 turns
   226 | D        | Killed a floating eye
   227 | D        | Reached skill level 6 in Earth Magic
   227 | D        | Reached XP level 3. HP: 33/33 MP: 5/8
   227 | D        | Reached XP level 4. HP: 40/40 MP: 5/9
   231 | D        | Learned a level 3 spell: Stone Arrow
   235 | D        | Noticed an ice beast
   242 | D        | Slain by an ice beast

Illustrated notes

Levels and vault maps discovered:
D:        pitsprint [storerooms_1, entrance_room_1, metal_vault_8, armoury_1,
          mini_pit_1, grid_room_1, main_hall_1, silver_pit, the_coven_1,
          the_vestibule_1, steel_vault_1, golden_pit, hallway_of_sentries,
          crystal_vault_2, iron_vault_2, final_vault]

Skill      XL: |  1  2 |
---------------+-------+-----
Earth Magic    | 5 6 |  6.5
Dodging        | 3 |  3.6
Fighting       | 3 |  3.7
Spellcasting   | 3 |  3.8
Invocations    | 3 |  3.7
Stealth        | |  1.7
Transmutations | |  1.0

Action                   |  1- 3 |  4- 6 || total
-------------------------+-------+-------++-------
Melee: Quarterstaff      |     8 |       ||     8
       Unarmed           |     2 |       ||     2
       Tailslap          |     1 |       ||     1
 Cast: Sandblast         |     3 |     7 ||    10
 Stab: Sleeping          |     2 |       ||     2
Armor: Skin              |       |     2 ||     2
Dodge: Dodged            |     1 |     2 ||     3

Table legend: (Time is in decaauts)
 A = Elapsed time spent in this place.
 B = Non-inter-level travel time spent in this place.
 C = Inter-level travel time spent in this place.
 D = Time resting spent in this place.
 E = Time spent auto-exploring this place.
 F = Levels seen in this place.
 G = Mean time per level.
                   A        B        C        D        E       F      G
               +--------+--------+--------+--------+--------+-----+--------+
         Total |    244 |    244 |      0 |    143 |      0 |   1 |  244.0 |
       Dungeon |    244 |    244 |      0 |    143 |      0 |   1 |  244.0 |
               +--------+--------+--------+--------+--------+-----+--------+

Top non-repeatable levels by time:
       D: 244 daAuts
